 Dungeon Crawl Stone Soup version 0.24-a0-462-ge24419a6ad (webtiles) character file.

Game seed: 12207289271471372347

0 Gargoyl the Skirmisher (level 1, -8/19 HPs)
             Began as a Centaur Abyssal Knight on July 1, 2019.
             Was a Follower of Lugonu.
             Mangled by a freezing wraith (16 damage)
             ... on level 2 of the Abyss.
             The game lasted 00:01:33 (494 turns).

Gargoyl the Skirmisher (Centaur Abyssal Knight)      Turns: 494, Time: 00:01:34

Health: -8/19      AC:  4    Str: 14    XL:     1   Next: 0%
Magic:  2/2        EV:  9    Int: 11    God:    Lugonu [*.....]
Gold:   66         SH:  0    Dex:  8    Spells: 0/0 levels left

rFire    . . .     SeeInvis .   a - +1 hand axe
rCold    . . .     Gourm    .   (no shield)
rNeg     . . .     Faith    .   b - +0 leather armour
rPois    .         Spirit   .   (no helmet)
rElec    .         Reflect  .   (no cloak)
rCorr    .         Harm     .   (no gloves)
MR       .....                  (no barding)
Stlth    ..........             (no amulet)
HPRegen  0.06/turn              (no ring)
MPRegen  0.08/turn              (no ring)

@: very quick
A: large, hooves 3, deformed body, speed 2, tough skin 3
a: Depart the Abyss, Renounce Religion


You were on level 2 of the Abyss.
You worshipped Lugonu.
Lugonu was aware of your devotion.
You were not hungry.

You visited 0 branches of the dungeon, and saw 0 of its levels.
You visited the Abyss 1 time.

You collected 66 gold pieces.

Inventory:

Hand Weapons
 a - a +1 hand axe (weapon)
Armour
 b - a +0 leather armour (worn)
Comestibles
 c - 2 rations


   Skills:
 + Level 3.0 Fighting
 + Level 1.7 Axes
 + Level 1.3 Armour
 + Level 0.6 Dodging
 + Level 2.0 Invocations


You couldn't memorise any spells.
You didn't know any spells.
Your spell library was empty.

Dungeon Overview and Level Annotations

Branches:
Dungeon (0/15)

Altars:


Innate Abilities, Weirdness & Mutations

You have hooves in place of feet.
Armour fits poorly on your strangely shaped body.
You cover ground very quickly.
You have extremely tough skin. (AC +3)


Message History

A starspawn tentacle comes into view.
There is a gateway leading deeper into the Abyss here.
You plunge deeper into the Abyss.
Found a ration and a viscous dark potion.
d - a viscous dark potion A chaos spawn appears in a shower of sparks.
The chaos spawn's human head shouts!
It was a potion of resistance.
You feel protected.
c - 2 rations (gained 1)
You start to feel less resistant.
Your resistance to elements expires.
You now have 66 gold pieces (gained 31).
A death knight comes into view. It is wielding a +3 morningstar.
A freezing wraith comes into view.
The freezing wraith hits you!
Ouch! That really hurt!
The freezing wraith freezes you!
Ouch! That really hurt!
You die...

.. .# #### ..
###..## .. .
#.##..# #..
#..#.#.## ..
##.##...#
........#.#####
#...##..
.#@....# ..
##....W#..#...#
.#.##....#.# ..
....#.....#.
#.#.....# ...#
....#..##..#...#
. .#.#.. ...##..
. #..


You could see a freezing wraith.

Vanquished Creatures (others)
  3 starspawn tentacles (Abyss:1)
3 creatures vanquished.

Notes
Turn   | Place    | Note
-------+----------+-------------------------------------------
     0 | Abyss:1  | Gargoyl the Centaur Abyssal Knight began the quest for the
                  | Orb.
     0 | Abyss:1  | Reached XP level 1. HP: 19/19 MP: 2/2
   125 | Abyss:1  | Noticed a large abomination
   307 | Abyss:1  | Noticed a raiju
   355 | Abyss:1  | Noticed a salamander
   358 | Abyss:1  | Noticed a small abomination
   382 | Abyss:1  | Noticed a bone dragon
   384 | Abyss:1  | Noticed a tentacled starspawn
   410 | Abyss:2  | Noticed a chaos spawn
   467 | Abyss:2  | Noticed a death knight
   474 | Abyss:2  | Noticed a freezing wraith
   494 | Abyss:2  | Mangled by a freezing wraith

Levels and vault maps discovered:
Abyss:2:  hangedman_illusive_loot

Action                   || total
-------------------------++-------
Melee: Hand axe          ||     1
  Use: Potion            ||     3
Dodge: Dodged            ||     2

Table legend:
 A = Non-vault XP
 B = Vault XP
 C = Vault XP percentage of total XP
 D = Non-vault monster count
 E = Vault monster count
 F = Vault count percentage of total count
                 A         B        C        D         E       F
            +---------+---------+-------+---------+---------+-------
      Total |       0 |       0 |   N/A |       0 |       0 |  -nan
            +---------+---------+-------+---------+---------+-------
            +---------+---------+-------+---------+---------+-------
